 Dungeon Crawl Stone Soup version 0.25-a0-458-g6fc7858b95 (webtiles) character file.

Game seed: 13917104701932205520, levelgen mode: deterministic

2739 Eurus the Thaumaturge (level 9, -1/72 HPs)
             Began as a Mummy Conjurer on Feb 1, 2020.
             Was a Follower of Ashenzari.
             Slain by an orc warrior
             ... wielding a +0 dire flail
              (10 damage)
             ... on level 6 of the Dungeon.
             The game lasted 00:27:18 (10080 turns).

Eurus the Thaumaturge (Mummy Conjurer)             Turns: 10080, Time: 00:27:19

Health: -1/72      AC:  5    Str: 11    XL:     9   Next: 40%
Magic:  17/22      EV: 12    Int: 17    God:    Ashenzari [*.....]
Gold:   233        SH:  0    Dex: 13    Spells: 23/26 levels left

rFire    x . .     SeeInvis .   g - +3 whip
rCold    + . .     Gourm    .   (no shield)
rNeg     + + +     Faith    .   a - +1 robe
rPois    ∞         Spirit   .   e - +0 helmet
rElec    .         Reflect  .   o - +0 cloak
rCorr    .         Harm     .   (no gloves)
MR       +....                  (no boots)
Stlth    ++........             (no amulet)
HPRegen  0.22/turn              (no ring)
MPRegen  0.18/turn              (no ring)

@: about to teleport
A: no food or potions, fire vulnerability, cold resistance 1, negative energy
resistance 3, torment resistance, unbreathing
a: Curse Item, Scrying, Renounce Religion


You were on level 6 of the Dungeon.
You worshipped Ashenzari.
Ashenzari was aware of your devotion.
You were not hungry.

You visited 2 branches of the dungeon, and saw 8 of its levels.
You also visited: Sewer.

You collected 233 gold pieces.

Inventory:

Hand Weapons
 g - a +3 whip (weapon)
 k - a +0 dagger of venom
Armour
 a - a +1 robe (worn)
 e - a +0 helmet (worn)
 o - a +0 cloak (worn)
Wands
 l - a wand of paralysis (14)
 m - a wand of acid (4)
 q - a wand of iceblast (14)
Scrolls
 b - a scroll of amnesia
 c - 3 scrolls of fear
 d - 2 scrolls of summoning
 f - a scroll of magic mapping {unknown}
 h - 3 scrolls of teleportation
 i - 4 scrolls of remove curse
 j - a scroll of enchant weapon
 n - a scroll of brand weapon {unknown}
 p - 2 scrolls of blinking


   Skills:
 + Level 7.2 Fighting
 - Level 1.7 Dodging
 - Level 1.6 Stealth
 - Level 0.1 Unarmed Combat
 + Level 9.2 Spellcasting
 + Level 7.2 Conjurations


You had 23 spell levels left.
You knew the following spells:

 Your Spells              Type           Power        Failure   Level  Hunger
a - Magic Dart            Conj           ####         1%          1    N/A
b - Searing Ray           Conj           ####..       1%          2    N/A

Your spell library contained the following spells:

 Spells                   Type           Power        Failure   Level  Hunger
 Dazzling Flash           Conj/Hex       ###...       6%          3    N/A
 Corona                   Hex            #......      10%         1    N/A
 Sting                    Tmut/Pois      #...         10%         1    N/A
 Mephitic Cloud           Conj/Pois/Air  ###.....     11%         3    N/A
 Ensorcelled Hibernation  Hex/Ice        #.....       14%         2    N/A
 Poisonous Vapours        Pois/Air       #.....       14%         2    N/A
 Fulminant Prism          Conj/Hex       ###.......   21%         4    N/A
 Iskenderun's Mystic Bla  Conj/Tloc      ###.....     21%         4    N/A
 Confusing Touch          Hex            #.......     28%         3    N/A
 Ignite Poison            Fire/Tmut/Pois #.......     28%         3    N/A
 Tukima's Dance           Hex            #.......     28%         3    N/A
 Olgreb's Toxic Radiance  Pois           #.......     67%         4    N/A

Dungeon Overview and Level Annotations

Branches:
Dungeon (7/15)             Temple (1/1) D:7           Sewer (visited)

Altars:
Ashenzari

Shops:
D:5 [   D:7 *


Innate Abilities, Weirdness & Mutations

You do not eat or drink.
Your flesh is vulnerable to fire.
You are immune to poison.
Your flesh is cold resistant. (rC+)
You are immune to negative energy. (rN+++)
You are immune to unholy pain and torment.
You can survive without breathing.


Message History

The searing ray hits the orc warrior but does no damage.
The orc warrior is heavily wounded.
The orc warrior hits you with a +0 dire flail!!
The searing ray misses the orc warrior.
An orc comes into view. It is wielding a +0 war axe.
The orc warrior hits you with a +0 dire flail.
* * * LOW HITPOINT WARNING * * *
An orc comes into view. It is wielding a +0 falchion.
You see here an uncursed leather armour.
You see here a white potion.
Found an escape hatch in the ceiling.
There is an escape hatch in the ceiling here.
The orc warrior hits you with a +0 dire flail!!
* * * LOW HITPOINT WARNING * * *
A mysterious force pulls you upwards. The hatch slams shut behind you.
You see here a ration.
As you read the scroll of teleportation, it crumbles to dust.
You feel strangely unstable.
The orc warrior hits you with a +0 dire flail!
You die...

#.......#............##...#.#
###.......#.......#.<..###...##
#.......#.........#....###....#
#.......#..............#.#.#..#
##......#.........#....##.#..##
#####...###.....#...###..#.#..#..
#.##..#..#......#.....#..###.#..#
..#...#........o.........##.....#
.....#..........@...###.....8.8..
.....#................#####.....#
#.##...##.......###...######.#..#
####....#.............#..#.#..#..
###.....###.##........##.#..##
##.....##..##......##.#.#..#
#.....#...#.......####....#
##......#..........###...##
##.....#..........##...#.#


You could see an orc warrior.

Vanquished Creatures
  Pikel (D:3)
  Grinder (Sewer)
  Sigmund (D:6)
  Eustachio (D:5)
  An ice beast (D:6)
  3 ogres
  A centaur (D:7)
  2 big kobolds (Sewer)
  Blork the orc (D:4)
  2 bullfrogs (D:6)
  2 scorpions (D:4)
  4 killer bees (D:7)
  A wight (D:6)
  3 crimson imps (D:7)
  A quasit (Sewer)
  A bullfrog zombie (D:6)
  A bullfrog skeleton (D:4)
  3 orc priests (D:4)
  Terence (D:2)
  An orc wizard (D:7)
  A worker ant (D:5)
  Ijyb (D:3)
  A killer bee zombie (D:7)
  A big kobold zombie (Sewer)
  A hound skeleton (D:4)
  Robin (D:4)
  3 gnolls (D:3)
  7 adders
  2 shadow imps (Sewer)
  3 ufetubi (Sewer)
  4 oozes
  An adder skeleton (D:4)
  An adder zombie (D:5)
  3 worms
  4 dart slugs
  2 leopard geckos
  10 orcs
  4 bats
  9 giant cockroaches
  14 goblins
  7 hobgoblins
  6 jackals
  4 quokkas
  8 ball pythons
  7 frilled lizards
  16 kobolds
  5 rats
158 creatures vanquished.

Vanquished Creatures (others)
  2 oozes (Sewer)
  2 bat zombies (Sewer)
4 creatures vanquished.

Grand Total: 162 creatures vanquished

Notes
Turn   | Place    | Note
-------+----------+-------------------------------------------
     0 | D:1      | Eurus the Mummy Conjurer began the quest for the Orb.
     0 | D:1      | Reached XP level 1. HP: 13/13 MP: 4/4
   231 | D:1      | Found a shattered altar of Ashenzari.
   240 | D:1      | Became a worshipper of Ashenzari the Shackled
   486 | D:1      | Reached XP level 2. HP: 6/19 MP: 2/5
   494 | D:1      | Learned a level 2 spell: Searing Ray
  1268 | D:2      | Noticed Terence
  1297 | D:2      | Reached skill level 3 in Spellcasting
  1563 | D:2      | Reached XP level 3. HP: 21/25 MP: 4/7
  1659 | D:2      | Reached skill level 1 in Fighting
  2440 | D:2      | Killed Terence
  2440 | D:2      | Reached XP level 4. HP: 25/33 MP: 1/9
  3001 | D:3      | Noticed Ijyb
  3481 | D:3      | Killed Ijyb
  3481 | D:3      | Reached skill level 4 in Spellcasting
  3530 | D:3      | Reached XP level 5. HP: 23/38 MP: 3/11
  4020 | D:4      | Noticed an ogre
  4355 | D:3      | Killed an ogre
  4404 | D:4      | Reached XP level 6. HP: 13/47 MP: 4/13
  4499 | D:4      | Found a glowing drain.
  4542 | Sewer    | Entered a sewer
  4660 | Sewer    | Reached skill level 5 in Spellcasting
  4960 | Sewer    | Found a burning altar of Makhleb.
  5301 | Sewer    | Reached XP level 7. HP: 53/53 MP: 10/15
  5384 | Sewer    | Noticed Grinder
  5396 | Sewer    | Killed Grinder
  5396 | Sewer    | Reached skill level 6 in Spellcasting
  5396 | Sewer    | Reached skill level 5 in Conjurations
  5735 | D:4      | Identified the +1 helmet "Gisaojul" {rC+ Dex+4}
  5735 | D:4      | Noticed Robin
  5743 | D:4      | Killed Robin
  6088 | D:4      | Noticed Blork the orc
  6096 | D:4      | Killed Blork the orc
  6328 | D:4      | Reached * piety under Ashenzari
  6562 | D:4      | Reached skill level 5 in Fighting
  6562 | D:4      | Reached XP level 8. HP: 17/62 MP: 11/18
  6826 | D:4      | Noticed Pikel
  6876 | D:3      | Killed Pikel
  6876 | D:3      | Reached skill level 7 in Spellcasting
  7360 | D:5      | Entered Level 5 of the Dungeon
  7528 | D:5      | Reached skill level 8 in Spellcasting
  7646 | D:5      | Found Soel Xemp's Antique Armour Boutique.
  7703 | D:5      | Noticed Eustachio
  7777 | D:5      | Killed Eustachio
  8773 | D:6      | Reached XP level 9. HP: 64/71 MP: 13/21
  8862 | D:6      | Noticed Sigmund
  9215 | D:6      | Killed Sigmund
  9482 | D:7      | Found Uno Zoach's Assorted Antiques.
  9647 | D:7      | Reached skill level 9 in Spellcasting
  9961 | D:7      | Found a staircase to the Ecumenical Temple.
  9974 | Temple   | Entered the Ecumenical Temple
 10080 | D:6      | Slain by an orc warrior

Levels and vault maps discovered:
D:1:      co_arrival_square_in_a_square_in_a_square, layout_rooms,
          palyth_stone_intersect, chequers_big_river, evilmike_ruin_ashenzari
D:2:      layout_rooms, first_ration, uniq_terence
D:3:      layout_basic, minivault_14, kennysheep_generic_room_12, uniq_ijyb
D:4:      layout_basic, portal_sewer_entry_b, uniq_blork_the_orc, uniq_pikel,
          uniq_robin
D:5:      layout_gridville, serial_shops, nicolae_shop_trees, uniq_eustachio
D:6:      wad_crossroads, layout_cave_pools, uniq_sigmund
D:7:      layout_rooms, minmay_temple_entry_sparse_star, basic_altar,
          serial_shops, shop
Temple:   dpeg_five_rooms_temple

Skill      XL: |  1  2  3  4  5  6  7  8  9 |
---------------+----------------------------+-----
Spellcasting   | 3 4 5 6 8 9 |  9.2
Fighting       | 1 2 3 5 6 7 |  7.2
Conjurations   | 4 5 6 7 |  7.2
Dodging        | |  1.7
Stealth        | |  1.6
Unarmed Combat | |  0.1

Action                   |  1- 3 |  4- 6 |  7- 9 || total
-------------------------+-------+-------+-------++-------
Melee: Unarmed           |    17 |       |       ||    17
       Club              |    48 |    92 |       ||   140
       Whip              |       |    52 |    84 ||   136
 Cast: Magic Dart        |    59 |    40 |    53 ||   152
       Searing Ray       |     4 |    14 |    51 ||    69
  Use: Scroll            |       |     6 |     4 ||    10
 Stab: Sleeping          |     1 |     1 |     2 ||     4
Armor: Robe              |    21 |    35 |    34 ||    90
Dodge: Dodged            |    84 |   103 |   109 ||   296

Table legend:
 A = Non-vault XP
 B = Vault XP
 C = Vault XP percentage of total XP
 D = Non-vault monster count
 E = Vault monster count
 F = Vault count percentage of total count
                 A         B        C        D         E       F
            +---------+---------+-------+---------+---------+-------
      Total |    1890 |    2024 |  51.7 |     102 |      56 |  35.4
            +---------+---------+-------+---------+---------+-------
        D:1 |      24 |       0 |   0.0 |      13 |       0 |   0.0
        D:2 |      73 |      38 |  34.2 |      23 |       2 |   8.0
        D:3 |     192 |     652 |  77.3 |      15 |       2 |  11.8
        D:4 |     522 |     134 |  20.4 |      26 |      17 |  39.5
        D:5 |     182 |     211 |  53.7 |       9 |       1 |  10.0
        D:6 |     322 |     344 |  51.7 |       6 |       4 |  40.0
        D:7 |     575 |       0 |   0.0 |      10 |       0 |   0.0
      Sewer |       0 |     645 | 100.0 |       0 |      30 | 100.0
            +---------+---------+-------+---------+---------+-------
